Map: Nightshade LE

Players

IIIIIIIIIIII

  • Race: Protoss Protoss
  • Spawn Location: 5:00

Cyanine - Winner!

  • Race: Terran Terran
  • Spawn Location: 11:00

VOD

Have the link to the VOD?

Description

Time

  • Played on: Dec. 2, 2019, 7:05 a.m.
  • Length: 8:20
Show
View Real Time Build Order
Export as new Build Order

IIIIIIIIIIII Protoss 

Build Orders:  

Get SALT Encoding   

  12  0:00  Probe  
  13  0:13  Probe  
  14  0:17  Pylon  
  14  0:25  Probe (Chrono Boost)  
  15  0:37  Probe (Chrono Boost)  
  15  0:39  Gateway  
  16  0:43  Probe (Chrono Boost)  
  16  0:47  Assimilator  
  17  0:51  Probe  
  18  1:03  Probe  
  19  1:15  Probe  
  20  1:27  Nexus  
  20  1:35  Cybernetics Core  
  20  1:38  Probe  
  21  1:47  Pylon  
  21  1:50  Probe  
  22  1:54  Assimilator  
  22  2:02  Probe  
  23  2:09  Stalker (Chrono Boost)  
  23  2:10  Warp Gate (Chrono Boost)  
  25  2:24  Gateway  
  25  2:28  Gateway  
  25  2:35  Stalker  
  27  2:41  Probe  
  27  2:43  Probe  
  29  2:53  Probe  
  29  2:55  Probe  
  31  3:05  Probe  
  32  3:11  Stalker x2  
  37  3:18  Stalker, Probe  
  39  3:20  Probe  
  39  3:26  Pylon  
  40  3:30  Probe  
  40  3:32  Probe  
  42  3:43  Probe  
  43  3:50  Stalker  
  43  3:51  Stalker  
  43  3:52  Probe  
  43  3:54  Pylon  
  48  3:56  Stalker  
  48  3:59  Probe  
  51  4:08  Probe  
  50  4:21  Stalker x3  
  36  4:45  Stalker x2  
  36  4:46  Stalker  
  36  4:47  Probe  
  36  4:49  Probe  
  44  4:54  Twilight Council  
  44  4:55  Assimilator  
  44  4:59  Probe  
  43  5:03  Probe  
  43  5:06  Stalker x2  
  46  5:11  Pylon, Probe  
  47  5:15  Probe  
  47  5:20  Gateway  
  48  5:22  Assimilator  
  48  5:23  Probe  
  48  5:24  Charge (Chrono Boost)  
  48  5:27  Probe  
  50  5:29  Pylon  
  50  5:35  Probe  
  50  5:41  Templar Archives, Zealot x2  
  50  5:42  Probe  
  56  5:44  Gateway  
  56  5:47  Probe  
  57  5:57  Nexus  
  57  5:59  Probe  
  57  6:00  Pylon, Probe  
  57  6:04  Zealot  
  55  6:11  Zealot  
  55  6:22  Stalker  
  51  6:33  Stalker  
  51  6:34  Stalker, Probe  
  51  6:37  Psionic Storm  
  51  6:39  Zealot  
  58  6:40  Probe  
  58  6:45  Zealot  
  58  6:46  Probe  
  62  6:52  Probe  
  63  6:55  Forge  
  63  6:57  High Templar x2  
  63  6:59  Probe  
  68  7:04  Zealot  
  68  7:05  Probe  
  71  7:09  Zealot  
  71  7:10  Probe  
  71  7:11  Probe  
  75  7:16  Shield Battery  
  75  7:17  Probe  
  75  7:22  Probe  
  77  7:25  Gateway, Probe  
  77  7:26  High Templar  
  77  7:29  Assimilator  
  80  7:31  Zealot  
  80  7:32  High Templar  
  80  7:35  Zealot  
  80  7:36  Probe  
  87  7:37  Probe  
  87  7:39  Probe  
  89  7:52  Gateway  
  89  7:53  Zealot  
  89  7:55  Gateway, Probe  
  89  7:56  Probe  
  81  8:09  Archon  
Show
View Real Time Build Order
Export as new Build Order

Cyanine Terran - Winner!

Build Orders:  

Get SALT Encoding   

  12  0:01  SCV  
  13  0:13  SCV  
  14  0:17  Supply Depot  
  14  0:25  SCV  
  15  0:39  SCV  
  15  0:40  Barracks  
  16  0:43  Refinery  
  16  0:51  SCV  
  17  1:03  SCV  
  18  1:17  SCV  
  19  1:30  Orbital Command  
  19  1:31  Reaper  
  20  1:42  Command Center  
  20  1:53  Barracks  
  20  1:56  SCV  
  21  2:04  Barracks Reactor  
  21  2:08  SCV  
  22  2:11  Supply Depot  
  22  2:17  Barracks  
  22  2:20  SCV  
  23  2:33  SCV  
  24  2:39  Marine  
  24  2:40  Marine  
  24  2:41  Barracks Tech Lab  
  26  2:45  SCV  
  26  2:51  Bunker  
  27  3:00  Orbital Command  
  27  3:01  SCV  
  27  3:02  Concussive Shells, Marine x2, Marauder  
  27  3:05  Marine  
  33  3:12  Engineering Bay  
  33  3:13  SCV  
  33  3:19  Marine  
  34  3:24  Marine, Marauder  
  34  3:25  SCV  
  34  3:26  SCV  
  40  3:29  Supply Depot  
  40  3:33  Marine  
  41  3:37  Marine  
  41  3:38  SCV x2  
  41  3:40  Missile Turret  
  44  3:45  Marauder  
  46  3:49  Missile Turret  
  46  3:51  Marine  
  46  3:53  Supply Depot  
  47  3:56  Refinery  
  47  3:58  Refinery  
  47  3:59  Marine  
  47  4:01  Marine  
  49  4:03  SCV  
  49  4:04  SCV  
  49  4:09  Barracks Tech Lab  
  48  4:29  Marine x2, Marauder  
  48  4:30  SCV x2, Marauder  
  53  4:36  Factory  
  49  4:43  SCV x2  
  50  4:47  Stimpack, Marine x2  
  50  4:50  Marauder  
  49  5:03  Marauder  
  49  5:04  SCV x2, Combat Shield, Marine x2  
  54  5:12  Marauder  
  55  5:16  SCV x2  
  56  5:21  Command Center  
  56  5:23  Starport  
  56  5:24  Factory Reactor  
  56  5:28  Refinery, SCV x2  
  56  5:32  Supply Depot  
  56  5:34  Terran Infantry Weapons Level 1  
  58  5:37  Marine x2  
  58  5:38  Marine x2  
  62  5:45  Barracks  
  62  5:46  Barracks  
  62  5:53  SCV x2, Supply Depot  
  62  5:56  Marine, Marauder  
  67  5:57  Marine  
  67  6:05  SCV  
  63  6:23  Marine x2  
  63  6:24  SCV x2, Marauder x2  
  71  6:30  Supply Depot x2  
  71  6:34  Orbital Command  
  71  6:37  SCV x2  
  73  6:44  Barracks Reactor  
  73  6:45  Barracks Tech Lab, Marine x2, Marauder x2  
  79  6:49  SCV x2  
  79  6:51  Factory Reactor  
  81  6:55  Bunker  
  81  6:57  Supply Depot  
  81  7:00  SCV  
  82  7:01  Medivac x2, SCV x2  
  82  7:07  Marine, Marauder x2  
  82  7:08  Marine  
  93  7:12  SCV  
  93  7:14  SCV x2  
  97  7:18  Refinery  
  97  7:20  Refinery  
  97  7:24  SCV, Marine x2  
  97  7:26  Marauder  
  97  7:28  Marauder  
  97  7:29  Marine x2  
  106  7:31  Medivac x2  
  106  7:32  Marauder  
  106  7:35  Widow Mine x2  
  116  7:40  Supply Depot  
  116  7:41  Supply Depot x2  
  116  7:45  SCV x3  
  116  7:48  Marine  
  116  7:49  Marine x3  
  123  7:53  Supply Depot  
  123  7:56  Widow Mine  
  125  8:02  SCV  
Tags
 

No tags found.

Add a new tag
Caveats
  • Supply blocks, unpowered buildings, or Contaminate may cause inaccurate times.
  • Supply counts are checked every 10 seconds.